cohdb
Replays
Latest Replays
All Replays
Popular Replays
Top Player Replays
Match Explorer
How It Works
Community
CoH3 Stats
Reddit
Sign in to upload your games and track your stats! →
Sign in with Steam
Match 45909189
Unlisted
Match 45909189
Overview
Messages
Build Orders
End
Kradschützen Motorcycle Team
Selects Italian Combined Arms Battlegroup
Selects Bersaglieri Squad
Bersaglieri Squad
Bersaglieri Squad
Bersaglieri Squad
Construct Light Support Kompanie
Selects Bersaglieri Bolster
MG34 Team
Fire Support Elements
Flakvierling Half-track
2.5-tonne Medical Truck
Selects Breda Model 30 Light Machine Guns
SoF Ya Nos
Hurricanelf :skull:
0
0
Comments
sign in to comment!
No comments posted yet!